Winsalot, neutral female human Tourist ----------- ----------- |....|.%..--- |.........| |..``|``...>| |.......%.| |.........--- |...%.....| |....|....| |....<....| |-.--------- |.........| |..`.|.....| |......./.| |....|.....| |.........| |..........| |.........| |....|.....----------------|| |....|...........[)[.[...@))| ----------------------------- Winsalot the Excursionist Experience level: 6 Strength: 25 Dexterity: 11 Constitution: 18 Intelligence: 12 Wisdom: 11 Charisma: 14 Health: 0(70) Energy: 25(25) Def: 9 Gold: 366 Moves: 4945 Dungeon seed: pF4G-GUbNv0-IUrC Game ID: Winsalot_1633086465 Your Inventory: Coins $ - 366 gold pieces Weapons a - 20 uncursed +2 darts (in quiver) d - 5 uncursed +0 darts y - a blessed +0 orcish dagger E - an uncursed burnt +0 elven broadsword (weapon in hand) P - an uncursed -2 elven dagger Q - an uncursed +0 dagger S - an uncursed +0 elven dagger Armor e - an uncursed +0 Hawaiian shirt (being worn) z - an uncursed +0 orcish helm (being worn) J - an uncursed +0 pair of elven boots (being worn) L - an uncursed +0 Uruk-hai shield (being worn) N - a cursed +0 elven mithril-coat (being worn) W - an uncursed +0 pair of gauntlets of power (being worn) Comestibles b - 2 uncursed fortune cookies c - 2 uncursed eggs f - 7 uncursed food rations g - 4 uncursed tripe rations h - an uncursed tin of female newt meat s - an uncursed apple u - an uncursed candy bar U - an uncursed melon Scrolls j - 3 uncursed scrolls of magic mapping k - a blessed scroll of magic mapping t - an uncursed scroll of confuse monster v - an uncursed scroll of enchant weapon B - an uncursed scroll of summoning Y - a blessed scroll of earth named erth Z - an uncursed scroll of earth named erth Potions i - 2 uncursed potions of extra healing r - 2 uncursed potions of water w - an uncursed potion of booze x - a blessed potion of gain ability M - an uncursed potion of oil T - an uncursed potion of invisibility Rings H - an uncursed ring of poison immunity (on left hand) I - an uncursed ring of protection from shape changers (on right hand) X - an uncursed ring of fire immunity Wands A - an uncursed wand of make invisible (0:5) R - an uncursed wand of fire (0:2) Tools l - an uncursed credit card m - an uncursed expensive camera (0:72) n - an uncursed leash o - an uncursed magic marker (0:0) p - an uncursed tin opener q - an uncursed towel F - an uncursed brass lantern (0:142) G - an uncursed brass lantern (0:1293) V - an uncursed magic marker (0:79) Spells and supernatural/magical abilities: Name Level Category Cost Memory L - levitation 4 escape 4000pw 40% W - pray for help -- divine ? -- Your skills at the end: Fighting Skills bare handed combat [Basic] wands [Basic] Weapon Skills dagger [Basic] broadsword [Basic] dart [Skilled] Spellcasting Skills Final Attributes: You were piously aligned. You were sleep resistant. You were immune to poison. You were stealthy. You were protected from shape changers. The Lady was noncommittal. You are dead. Vanquished creatures: a small mimic a leather golem a leprechaun a werewolf 4 Green-elves a dog a dingo a plains centaur a snake a soldier ant a bugbear 6 Mordor orcs 10 Uruk-hai a rock piercer a fog cloud a violet fungus a gnome lord a kobold mummy a gray ooze a barrow wight a little dog a floating eye a dwarf a homunculus a kobold lord 4 hill orcs 3 rothes 3 giant bats a monkey an orc zombie a wererat 2 iguanas 3 hobbits a large kobold a brown mold 2 yellow molds 2 red molds a gnome zombie 3 geckos 13 jackals 2 foxes 3 kobolds 2 goblins 7 grid bugs 4 lichens 2 kobold zombies 6 newts 109 creatures vanquished. Voluntary challenges: You used a wielded weapon 174 times, starting on turn 1073. You read items or engraved 21 times, starting on turn 826. You never genocided any monsters. You never polymorphed an object. You never changed form. You used no wishes. You never split a pudding. You never wrote Elbereth's name. You never violated your personal moral code. Dungeon overview: The Dungeons of Doom: levels 1 to 10 Level 1 a long staircase Level 2 an altar to Blind Io, a fountain Level 3 some fountains Level 4 a long staircase Level 5 a general store Level 6 a fountain, a vault Level 7 some fountains, a vault Level 8 a fountain Level 9 many fountains Level 10 stairs to Sokoban Sokoban: levels 8 to 9 Level 8 <- You were here Solved Level 9 Solved stairs to The Dungeons of Doom History has recorded: On T:1 you entered the Dungeons of Doom to retrieve the Amulet of Yendor! On T:299 you reached level 2 of The Dungeons of Doom. On T:734 you reached level 3 of The Dungeons of Doom. On T:736 you advanced to experience level 2. On T:1060 you reached level 4 of The Dungeons of Doom. On T:1416 you reached level 5 of The Dungeons of Doom. On T:1453 you advanced to experience level 3. On T:1915 you reached level 6 of The Dungeons of Doom. On T:2387 you advanced to experience level 4. On T:2395 you reached level 7 of The Dungeons of Doom. On T:2616 you reached level 8 of The Dungeons of Doom. On T:3315 you reached level 9 of The Dungeons of Doom. On T:3361 you advanced to experience level 5. On T:3815 you reached level 10 of The Dungeons of Doom. On T:3879 you reached level 4 of Sokoban. On T:4364 you reached level 3 of Sokoban. On T:4569 you advanced to experience level 6. Score breakdown: Gold: 0 ( 0 points) Experience: 6 levels (12456 points) Exploration: 10 levels ( 21.74%) (13416 points) Discoveries: 17 items ( 5.61%) ( 7105 points) Valuables value: (no points given unless you survive) Artifact value: 0 ( 0 points) Variety of kills: 47 monsters ( 12.37%) (10550 points) Turncount: 4945 turns (-1338 points) Survival: died (score multiplied by 80%) Total score: 33751 Latest messages: The 1st dart misses the soldier ant. The 2nd dart hits the soldier ant! The soldier ant misses. The soldier ant just misses! You throw 2 darts. The 1st dart hits the soldier ant! The 2nd dart misses the soldier ant. The soldier ant misses. The soldier ant stings! Never mind. The bolt of fire hits the soldier ant! The soldier ant is killed by the bolt of fire! The bolt of fire bounces! The bolt of fire hits you! Your runed broadsword smoulders! You die... Final status: Aloha Winsalot the Tourist, killed by a bolt of fire... You died in Sokoban on dungeon level 8 with 33751 points, and 366 pieces of gold, after 4945 moves. You were level 6 with a maximum of 70 hit points when you died.